 Dungeon Crawl Stone Soup version 0.27.0-1-g7a089689b8 (webtiles) character file.

Game seed: 9742275723541854586

88 jasper the Poker (level 4, -1/33 HPs)
             Began as a Demonspawn Warper on July 31, 2021.
             Slain by an orc (6 damage)
             ... on level 3 of the Dungeon.
             The game lasted 00:04:33 (2235 turns).

jasper the Poker (Demonspawn Warper)                Turns: 2235, Time: 00:04:34

Health: -1/33      AC:  6    Str: 11    XL:     4   Next: 29%
Magic:  7/7        EV: 12    Int: 22    God:
Gold:   143        SH:  0    Dex: 18    Spells: 5/7 levels left

rFire    . . .     SeeInvis .   c - +0 war axe (elec)
rCold    . . .     Faith    .   (no shield)
rNeg     . . .     Spirit   .   h - +0 ring mail
rPois    .         Reflect  .   (no helmet)
rElec    .         Harm     .   i - +0 cloak
rCorr    .         Rampage  .   (no gloves)
Will     .....                  (no boots)
Stlth    +.........             (no amulet)
HPRegen  0.11/turn              e - +6 ring of intelligence
MPRegen  0.10/turn              k - +6 ring of dexterity

@: no status effects
A: repulsion field 1, powered by pain 1
a: no special abilities


You were on level 3 of the Dungeon.
You visited 1 branch of the dungeon, and saw 3 of its levels.

You collected 143 gold pieces.

Inventory:

Hand Weapons
 a - a +0 vorpal spear
 c - a +0 war axe of electrocution (weapon)
Missiles
 d - 2 boomerangs of dispersal
 f - 83 stones
 j - 3 javelins
 l - 3 datura-tipped darts
 m - 17 poisoned darts (quivered)
Armour
 b - a +0 leather armour
 h - a +0 ring mail (worn)
 i - a +0 cloak (worn)
Jewellery
 e - a +6 ring of intelligence (left hand)
 k - a +6 ring of dexterity (right hand)
Scrolls
 n - a scroll of magic mapping
 o - a scroll of identify
Potions
 g - a potion of lignification


   Skills:
 - Level 2.0 Fighting
 * Level 0.2(2.5) Axes
 - Level 4.1 Polearms
 - Level 0.8 Throwing
 - Level 0.8 Armour
 - Level 1.7 Dodging
 - Level 2.0 Spellcasting
 - Level 2.6 Translocations


You had 5 spell levels left.
You knew the following spells:

 Your Spells              Type           Power      Damage    Failure   Level
a - Blink                 Tloc           N/A        N/A       17%         2

Your spell library contained the following spells:

 Spells                   Type           Power      Damage    Failure   Level
 Shock                    Conj/Air       8%         1d3       32%         1
 Gell's Gravitas          Tloc           7%         N/A       32%         3
 Lesser Beckoning         Tloc           7%         N/A       32%         3
 Teleport Other           Tloc           14%        N/A       32%         3
 Swiftness                Air            2%         N/A       69%         3
 Airstrike                Air            1%         N/A       97%         4
 Manifold Assault         Tloc           14%        N/A       97%         5


Dungeon Overview and Level Annotations

Branches:
Dungeon (3/15)

Altars:
Beogh


Innate Abilities, Weirdness & Mutations

You are surrounded by a mild repulsion field. (EV +2)
You sometimes gain a little power by taking damage.


Message History

An endoplasm, 3 orcs and an orc priest come into view.
The orc priest shouts!
The orc shouts! x3
The endoplasm quivers.
The orc priest moves out of view.
Found 23 gold pieces.
Found a roughly hewn altar of Beogh.
There are monsters nearby!
There are monsters nearby!
You hit the orc.
The orc is moderately wounded.
The orc misses you. The orc hits you but does no damage. The orc misses you.
You hit the orc.
The orc is heavily wounded.
The orc closely misses you.
The orc hits you from afar with a +0 trident.
You slash the orc!
You kill the orc!
The orc barely misses you. The endoplasm freezes you.
You are frozen.
You slash the endoplasm!
You kill the endoplasm!
The orc hits you from afar with a +0 trident. x2
The orc barely misses you.
You completely miss the orc.
The orc hits you from afar with a +0 trident.
The orc hits you with a +0 trident.
The orc priest calls down the wrath of Beogh upon you.
You barely resist. The orc hits you with a +0 mace.
* * * LOW HITPOINT WARNING * * *
Found 9 gold pieces.
There is an open door, spattered with blood here.
You see here a +0 club.
You hit the orc priest.
The orc priest is lightly wounded.
You hit the orc but do no damage. You slash the orc!
You kill the orc!
The orc hits you with a +0 trident.
* * * LOW HITPOINT WARNING * * *
The orc priest barely misses you. x2; The orc hits you with a +0 trident.
You die...

#### ##$..#
####.8.8o###
#..#_.$..@)#
###..#$8.8o#.#
######....##...##.#
...........#####..#
######.......# #.##
##....#####.#
#..........#
#.######.### #.#
#.#


You could see an orc priest and an orc.

Vanquished Creatures
  A hound zombie (D:3)
  An adder (D:2)
  6 dart slugs
  3 orcs (D:3)
  5 ball pythons
  3 endoplasms
  4 giant cockroaches
  2 goblins
  4 hobgoblins
  6 jackals
  A quokka (D:1)
  A bat (D:2)
  5 frilled lizards
  4 kobolds
  5 rats
51 creatures vanquished.

Notes
Turn   | Place    | Note
-------+----------+-------------------------------------------
     0 | D:1      | jasper the Demonspawn Warper began the quest for the Orb.
     0 | D:1      | Reached XP level 1. HP: 16/16 MP: 3/3
    69 | D:1      | Reached skill level 2 in Polearms
   317 | D:1      | Gained mutation: You are surrounded by a mild repulsion
                  | field. (EV +2) [demonic ancestry]
   317 | D:1      | Reached XP level 2. HP: 22/22 MP: 5/5
   633 | D:1      | Reached skill level 3 in Polearms
  1080 | D:1      | Learned a level 2 spell: Blink
  1128 | D:2      | Gained mutation: You sometimes gain a little power by
                  | taking damage. [demonic ancestry]
  1128 | D:2      | Reached XP level 3. HP: 27/27 MP: 6/6
  1752 | D:3      | Reached skill level 4 in Polearms
  1752 | D:3      | Reached XP level 4. HP: 28/33 MP: 7/7
  2235 | D:3      | Slain by an orc

Illustrated notes

Levels and vault maps discovered:
D:1:      psy_arrival_dodecagon, layout_loops_ring
D:2:      layout_rooms
D:3:      layout_loops_ring, tgw_fedhas, kennysheep_orc_chapel

Skill      XL: |  1  2  3 |
---------------+----------+-----
Polearms       | 2 3 4 |  4.1
Fighting       | |  2.0
Axes           | |  0.2
Throwing       | |  0.8
Armour         | |  0.8
Dodging        | |  1.7
Spellcasting   | |  2.0
Translocations | |  2.6

Action                   |  1- 3 |  4- 6 || total
-------------------------+-------+-------++-------
Melee: Spear             |   137 |    19 ||   156
       War axe           |       |     8 ||     8
Throw: Stone             |    29 |       ||    29
       Boomerang         |     3 |       ||     3
       Javelin           |     4 |     3 ||     7
       Dart              |       |     1 ||     1
  Use: Scroll            |     3 |     2 ||     5
 Stab: Sleeping          |       |     1 ||     1
Armor: Leather armour    |    13 |       ||    13
       Ring mail         |    15 |     4 ||    19
Dodge: Dodged            |    71 |    17 ||    88
